AoeStats
← cmorehouse

Yucatan

503754881Analyzed
4v4 RM · 29d ago on Sep 2, 2026· 65m 2s· 8 players
Game mode
Random Map
Map size
Large (8 player)
Population
200
Speed
Normal
Resources
Standard
Victory
Conquest
Starting age
Dark Age
Ending age
Imperial Age
RankedLock teamsTeams togetherTeam positionsShared explorationLock speedFull tech treeHidden civsTurbo modeCheats
Victory
Defeat
🇨🇳 Khmer · China
1234
+14
🇨🇱 Britons · Chile
1160
+18
🇦🇷 Huns · Argentina
1096
+21
🇺🇸 Chinese · United States
1080
+21
🇺🇸 Georgians · United States
1274
-22
🇺🇸 Vikings · United States
1274
-22
🇺🇸 Vietnamese · United States
1243
-39
🇺🇸 Franks · United States
1000
-33
Squatch360
0:32 Loom
10:49 Feudal Age
15:13 Castle Age
16:59 Double-Bit Axe
20:01 Horse Collar
24:23 Wheelbarrow
24:46 Heavy Plow
25:57 Hand Cart
26:03 Fletching
27:11 Ballistics
27:08 Bow Saw
31:35 Imperial Age
29:46 Bodkin Arrow
29:52 Padded Archer Armor
30:09 Thumb Ring
33:00 Bracer
33:17 Leather Archer Armor
34:06 Chemistry
34:20 Two-Man Saw
34:53 Heavy Scorpion
35:49 Gold Mining
35:37 Pikeman
36:18 Squires
35:39 Elite Fire Lancer
37:20 Rocketry
38:42 Forging
39:03 Ring Archer Armor
40:11 Bloodlines
40:03 Husbandry
40:12 Scale Barding Armor
40:00 Elite Skirmisher
40:06 Light Cavalry
40:10 Elite Chu Ko Nu
41:40 Iron Casting
43:35 Chain Barding Armor
44:26 Conscription
45:15 Masonry
45:01 Murder Holes
47:30 Plate Barding Armor
47:56 Blast Furnace
48:02 Scale Mail Armor
48:56 Architecture
51:11 Chain Mail Armor
51:10 Cavalier
61:06 Plate Mail Armor
61:01 Bombard Tower
63:29 Gold Shaft Mining
62:44 Stone Mining
63:36 Guard Tower
63:33 Arrowslits
64:00 Fortified Wall
Chelowolf
6:53 Loom
9:58 Feudal Age
15:46 Castle Age
19:33 Fletching
22:56 Bodkin Arrow
31:59 Imperial Age
29:43 Double-Bit Axe
29:52 Horse Collar
31:40 Bow Saw
32:23 Gold Mining
33:56 Ballistics
33:43 Bracer
36:15 Chemistry
38:42 Wheelbarrow
40:16 Arrowslits
40:31 Guard Tower
41:34 Yeomen
42:02 Hand Cart
42:39 Man-at-Arms
44:55 Long Swordsman
45:38 Squires
45:32 Treadmill Crane
46:48 Two-Handed Swordsman
50:08 Pikeman
50:49 Squires
matiasconforti
0:26 Loom
10:42 Feudal Age
11:51 Double-Bit Axe
15:40 Castle Age
18:26 Horse Collar
19:32 Gold Mining
21:45 Bow Saw
23:59 Fletching
25:07 Bloodlines
25:31 Husbandry
26:27 Wheelbarrow
27:54 Hand Cart
28:12 Bodkin Arrow
33:05 Heavy Plow
33:29 Ballistics
35:42 Imperial Age
33:48 Elite Skirmisher
34:33 Town Watch
35:18 Stone Mining
35:47 Heavy Cavalry Archer
36:58 Parthian Tactics
37:46 Chemistry
38:35 Two-Man Saw
38:15 Gold Shaft Mining
41:57 Thumb Ring
42:14 Bracer
42:16 Padded Archer Armor
46:55 Forging
46:45 Scale Mail Armor
46:54 Scale Barding Armor
47:12 Conscription
49:59 Marauders
54:09 Elite Tarkan
56:56 Chain Barding Armor
57:12 Iron Casting
58:35 Plate Barding Armor
60:43 Blast Furnace
国产男子汉
11:32 Feudal Age
14:17 Castle Age
13:29 Double-Bit Axe
13:25 Horse Collar
13:37 Gold Mining
15:44 Wheelbarrow
15:28 Bow Saw
16:33 Loom
20:57 Bloodlines
24:56 Husbandry
27:06 Scale Barding Armor
27:12 Forging
32:30 Hand Cart
34:44 Scale Mail Armor
35:20 Iron Casting
35:14 Pikeman
35:17 Man-at-Arms
36:25 Long Swordsman
39:41 Town Watch
43:17 Imperial Age
41:27 Chain Mail Armor
43:16 Heavy Plow
44:07 Gold Shaft Mining
43:23 Stone Mining
43:27 Two-Handed Swordsman
45:08 Blast Furnace
43:34 Capped Ram
46:27 Arson
48:02 Stone Shaft Mining
47:15 Siege Ram
49:57 Heavy Scorpion
50:35 Fletching
50:45 Padded Archer Armor
51:08 Ballistics
51:49 Chemistry
51:00 Masonry
52:03 Double Crossbow
52:26 Conscription
54:42 Elite Battle Elephant
55:43 Chain Barding Armor
55:19 Bodkin Arrow
55:39 Leather Archer Armor
57:39 Plate Barding Armor
57:07 Bracer
59:49 Tusk Swords
59:11 Elite Ballista Elephant
60:14 Leather Archer Armor
64:00 Hoardings
64:34 Ring Archer Armor
64:59 Crop Rotation
MizD
5:37 Loom
8:33 Feudal Age
11:52 Double-Bit Axe
16:46 Horse Collar
20:43 Castle Age
19:59 Forging
19:55 Scale Barding Armor
20:21 Bloodlines
20:37 Gold Mining
20:48 Light Cavalry
22:10 Chain Barding Armor
26:59 Pikeman
28:16 Fletching
37:36 Wheelbarrow
42:31 Imperial Age
41:03 Hand Cart
45:24 Plate Barding Armor
44:37 Elite Monaspa
45:57 Iron Casting
46:27 Husbandry
48:35 Conscription
55:30 Bodkin Arrow
56:36 Blast Furnace
cmorehouse
8:50 Loom
10:40 Feudal Age
15:10 Castle Age
12:57 Double-Bit Axe
14:27 Wheelbarrow
16:35 Bow Saw
16:07 Horse Collar
19:30 Heavy Plow
22:36 Hand Cart
22:07 Loom
24:51 Scale Mail Armor
25:01 Forging
25:06 Gold Mining
26:11 Chain Mail Armor
29:06 Imperial Age
28:37 Fletching
29:24 Iron Casting
28:40 Fletching
29:27 Elite Fire Lancer
30:37 Stone Mining
30:35 Elite Skirmisher
31:38 Ballistics
32:19 Bodkin Arrow
32:53 Padded Archer Armor
33:56 Chemistry
32:32 Imperial Skirmisher
33:48 Squires
34:37 Siege Engineers
34:56 Bracer
36:30 Leather Archer Armor
40:08 Treadmill Crane
kyles.jav
7:29 Loom
10:42 Feudal Age
13:23 Man-at-Arms
15:48 Double-Bit Axe
15:45 Horse Collar
18:34 Castle Age
17:08 Arson
17:27 Scale Mail Armor
17:37 Forging
18:05 Gold Mining
18:06 Stone Mining
20:01 Bow Saw
20:19 Padded Archer Armor
21:16 Heavy Plow
21:01 Elite Skirmisher
24:16 Leather Archer Armor
32:06 Chain Mail Armor
32:29 Iron Casting
31:54 Fletching
36:16 Imperial Age
34:27 Bodkin Arrow
36:20 Capped Ram
37:34 Plate Mail Armor
38:05 Blast Furnace
36:57 Imperial Skirmisher
38:25 Conscription
38:21 Bracer
39:07 Gold Shaft Mining
39:19 Ring Archer Armor
40:05 Siege Ram
43:27 Chemistry
42:48 Ballistics
43:10 Elite Berserk
44:15 Long Swordsman
44:56 Squires
44:42 Gambesons
45:06 Chieftains
45:26 Masonry
45:31 Siege Engineers
46:36 Hoardings
47:38 Architecture
47:03 Murder Holes
48:13 Sappers
48:33 Treadmill Crane
49:57 Caravan
49:34 Two-Handed Swordsman
Adog23
9:43 Feudal Age
8:01 Loom
11:22 Wheelbarrow
10:59 Double-Bit Axe
15:47 Gold Mining
21:30 Castle Age
22:31 Hand Cart
24:10 Bow Saw
29:14 Gold Shaft Mining
41:29 Imperial Age
40:09 Scale Barding Armor
43:51 Cavalier
57:23 Paladin
58:06 Husbandry
Connection lost

Rejoining the realm…

Still unreachable

The connection could not be restored.

Session expired

The server has moved on; the page needs a fresh start.